 Dungeon Sprint DCSS version 0.24-a0-250-g6074511092 (webtiles) character file.

Game seed: 17399589173798151671

58 Redear the Ducker (level 3, -9/19 HPs)
             Began as a Felid Fighter on Apr 15, 2019.
             Mangled by a fire elemental (10 damage)
             ... summoned by a deep elf mage
             ... in the Dungeon (Sprint III: "The Ten Rune Challenge").
             The game lasted 00:02:02 (404 turns).

Redear the Ducker (Felid Fighter)                    Turns: 404, Time: 00:02:03

Health: -9/19      AC:  3    Str: 12    XL:     3   Next: 75%
Magic:  4/4        EV: 22    Int: 12    God:
Gold:   27         SH:  0    Dex: 15    Spells: 2/2 levels left
                                        Lives:  0   Deaths: 1

rFire    . . .     SeeInvis +     - Unarmed
rCold    . . .     Gourm    .   (shield unavailable)
rNeg     . . .     Faith    .   (armour unavailable)
rPois    .         Spirit   .   (helmet unavailable)
rElec    .         Reflect  .   (cloak unavailable)
rCorr    .         Harm     .   (gloves unavailable)
MR       +....     NoTele   +   (boots unavailable)
Stlth    ++++......             (no amulet)
HPRegen  0.06/turn              (no ring)
MPRegen  0.09/turn              (no ring)

@: quick
A: very small, no armour, no weapons or thrown items, stealth, claws 1, fangs 3,
yellow scales 1, see invisible, carnivore, clever 1, speed 1, magic resistance
1, shaggy fur 1, slow metabolism 1, sharp paws
a: no special abilities


You were in the Dungeon.
You were not hungry.

You visited 1 branch You collected 27 gold pieces.

Inventory:

Scrolls
 c - a scroll of torment {unknown}
 e - a scroll of enchant armour {unknown}
 i - a scroll of holy word {unknown}
 j - a scroll of remove curse {unknown}
 B - 2 scrolls of blinking {@r4}
 R - 2 scrolls of identify
Potions
 a - a potion of might {Str+5 DMG+1d10 | @q3}
 f - 2 potions of magic
 h - a potion of brilliance {unknown}
 k - a potion of lignification {unknown}
 l - 3 potions of mutation {!q}
 H - a potion of haste {@q5}
Comestibles
 z - 3 rations


   Skills:
 + Level 5.6 Fighting
 + Level 7.4 Dodging
 + Level 6.5 Stealth
 + Level 6.2 Unarmed Combat


You had 2 spell levels left.
You didn't know any spells.
Your spell library was empty.

Dungeon Overview and Level Annotations

Branches:
Dungeon (1/1)

Altars:
Elyvilon
Zin
The Shining One


Innate Abilities, Weirdness & Mutations

You cannot wear armour.
You are incapable of wielding weapons or throwing items.
Your paws allow you to move quietly. (Stealth)
You have sharp claws.
You have razor-sharp teeth.
You have supernaturally acute eyesight. (SInv)
You are carnivorous and can eat meat at any time.
You cover ground quickly.
You are covered in fur. (AC +1)
You have a slow metabolism.
Your sharp claws are effective at attacking unaware monsters.
You are partially covered in yellow scales. (AC +2)
Your mind is acute. (Int +2)
You are resistant to hostile enchantments. (MR+)


Message History

The deep elf mage casts a spell.
You closely miss the deep elf mage.
The deep elf mage is severely wounded.
You claw the deep elf mage!
The deep elf mage is almost dead.
The deep elf mage hits you with a +1 long sword of holy wrath.
The fire elemental hits you. The fire elemental burns you!
* * * LOW HITPOINT WARNING * * *
The fire elemental completely misses you.
You take 14 damage, and have 1/19 hp.
MASSIVE DAMAGE!!
Okay, then.
Okay, then.
Okay, then.
You scratch the deep elf mage.
The deep elf mage is almost dead.
The deep elf mage completely misses you.
The fire elemental barely misses you. The fire elemental hits you.
The fire elemental burns you!
Ouch! That really hurt!
You die...

▓▓▓▓▓▓ ▓▓▓ .#(..####
##.#####
.#......#####..#___#
##.......#..#..#!..#
.##.##...#..#..###†#+###+##
.##.###..##'#..#@.........#
####.##..###...EeE........#
##..##..####..○#..°######+#
....##..###....#.⌠.#
#..##[..##.....#...#
..##....#......#+###
.###..##.#.....# .# #..
####....# ▓▓ ▓▓▓ ▓▓▓▓▓▓


You could see a deep elf mage and 2 fire elementals.

Vanquished Creatures
  A water elemental (D)
  Jessica (D)
  A human (D)
  2 oozes (D)
  A phantom (D)
  A rat (D)
7 creatures vanquished.

Vanquished Creatures (others)
  2 draconian scorchers (D)
  6 hellions (D)
  2 yaktaurs (D)
10 creatures vanquished.

Grand Total: 17 creatures vanquished

Notes
Turn   | Place    | Note
-------+----------+-------------------------------------------
     0 | D        | Redear the Felid Fighter began the quest for the Orb.
     0 | D        | Reached XP level 1. HP: 10/10 MP: 2/2
    10 | D        | Reached skill level 2 in Stealth
    14 | D        | Reached XP level 2. HP: 14/14 MP: 3/3
    26 | D        | Killed a yaktaur
    38 | D        | Noticed Jessica
    43 | D        | Killed Jessica
    43 | D        | Reached skill level 4 in Fighting
    43 | D        | Reached skill level 5 in Dodging
    43 | D        | Reached skill level 4 in Stealth
    43 | D        | Reached skill level 5 in Unarmed Combat
    43 | D        | Reached XP level 3. HP: 18/18 MP: 4/4
    75 | D        | Reached skill level 6 in Dodging
    81 | D        | Reached skill level 5 in Stealth
    97 | D        | Killed a hellion
    97 | D        | Killed a hellion
   108 | D        | Gained mutation: You are dopey. (Int -2) [potion of
                  | mutation]
   108 | D        | Gained mutation: You are partially covered in slimy green
                  | scales. (AC +2) [potion of mutation]
   108 | D        | Gained mutation: You are partially covered in yellow
                  | scales. (AC +2) [potion of mutation]
   113 | D        | Lost mutation: You are dopey. (Int -2) [potion of mutation]
   113 | D        | Lost mutation: You are partially covered in slimy green
                  | scales. (AC +2) [potion of mutation]
   113 | D        | Gained mutation: You are resistant to hostile enchantments.
                  | (MR+) [potion of mutation]
   113 | D        | Gained mutation: Your mind is acute. (Int +2) [potion of
                  | mutation]
   124 | D        | Killed a hellion
   125 | D        | Killed a hellion
   126 | D        | Killed a hellion
   126 | D        | Killed a hellion
   184 | D        | Killed a yaktaur
   188 | D        | Killed a white draconian scorcher
   201 | D        | Killed a white draconian scorcher
   328 | D        | Noticed a water elemental
   333 | D        | Killed a water elemental
   333 | D        | Reached skill level 5 in Fighting
   333 | D        | Reached skill level 7 in Dodging
   333 | D        | Reached skill level 6 in Stealth
   333 | D        | Reached skill level 6 in Unarmed Combat
   333 | D        | Reached XP level 4. HP: 23/23 MP: 5/5
   380 | D        | Found a glowing silver altar of Zin.
   380 | D        | Found a glowing golden altar of the Shining One.
   380 | D        | Found a white marble altar of Elyvilon.
   381 | D        | Noticed a deep elf mage
   386 | D        | HP: 2/23 [deep elf mage/+1 long sword of holy wrath (3)]
   388 | D        | Incinerated by a deep elf mage
   389 | D        | Reached XP level 3. HP: 0/19 MP: 4/4
   402 | D        | Noticed a fire elemental
   402 | D        | Noticed a fire elemental
   403 | D        | HP: 1/19 [fire elemental[a deep elf mage] (9)]
   404 | D        | Mangled by a fire elemental

Levels and vault maps discovered:
D:        dungeon_sprint_mu [sprint_mu_entry_cave, sprint_mu_temple_rooms,
          sprint_mu_d1_horrors, sprint_mu_d2_genie, sprint_mu_d3_branching,
          sprint_mu_orc_legion, sprint_mu_elf_gauntlet, sprint_mu_hive_nellie,
          sprint_mu_lair_fedhas, sprint_mu_vaults_butterflies,
          sprint_mu_slime_circle, sprint_mu_swamp_cave, sprint_mu_shoals_kraken,
          sprint_mu_blade_basic, sprint_mu_crypt_lich, sprint_mu_tomb_spiral,
          sprint_mu_vestibule_basic, sprint_mu_gehenna_hellfire,
          sprint_mu_dis_giant, sprint_mu_tartarus_statrot,
          sprint_mu_cocytus_islands, sprint_mu_zot1]

Skill      XL: |  1  2  3 |
---------------+----------+-----
Stealth        | 2 4 6 |  6.5
Fighting       | 4 5 |  5.6
Dodging        | 5 7 |  7.4
Unarmed Combat | 5 6 |  6.2

Action                   |  1- 3 |  4- 6 || total
-------------------------+-------+-------++-------
Melee: Unarmed           |    53 |     3 ||    56
       Bite              |    11 |       ||    11
  Use: Potion            |     3 |     2 ||     5
 Stab: Sleeping          |     3 |       ||     3
  Eat: Chunk             |     4 |       ||     4
Armor: Skin              |     2 |       ||     2
Dodge: Dodged            |    39 |     1 ||    40

Table legend:
 A = Non-vault XP
 B = Vault XP
 C = Vault XP percentage of total XP
 D = Non-vault monster count
 E = Vault monster count
 F = Vault count percentage of total count
                 A         B        C        D         E       F
            +---------+---------+-------+---------+---------+-------
      Total |       0 |     172 | 100.0 |       0 |       7 | 100.0
            +---------+---------+-------+---------+---------+-------
          D |       0 |     172 | 100.0 |       0 |       7 | 100.0
            +---------+---------+-------+---------+---------+-------
